[Event "FIDE WCCC Open-12 2024"]
[Site "Montesilvano"]
[Date "2024.11.18"]
[Round "3.23"]
[White "Anagnostopoulos, Panagiotis"]
[Black "Torres Rebolledo, Alvaro"]
[Result "0-1"]
[ECO "B13"]
[WhiteElo "1848"]
[BlackElo "2216"]
[PlyCount "116"]
[EventDate "2024.11.18"]
[EventType "swiss"]
[EventCountry "ITA"]
[TimeControl "5400+30"]

1. e4 c6 2. d4 d5 3. exd5 cxd5 4. Bd3 Nc6 5. c3 e6 6. Bf4 Bd6 7. Bxd6 Qxd6 8. Nf3 Nge7 9. O-O O-O 10. Nbd2 f6 11. c4 Bd7 12. cxd5 exd5 13. Nb3 Bg4 14. Re1 Rfe8 15. Re3 a5 16. a4 Qb4 17. h3 Bh5 18. Be2 Rac8 19. g4 Bg6 20. Nc5 Nxd4 21. Nxd4 Qxc5 22. Bb5 Nc6 23. Nb3 Qd6 24. Rxe8+ Bxe8 25. Bxc6 Bxc6 26. Nxa5 Qc5 27. Nxc6 Rxc6 28. Qd3 Rd6 29. Rd1 Rd8 30. Qf5 Qd6 31. Rd4 Qe5 32. Qd3 h5 33. b4 hxg4 34. hxg4 Kf7 35. Qd2 Rh8 36. f4 Qe6 37. f5 Qe5 38. Rf4 d4 39. Qa2+ Kf8 40. Qe6 Qxf4 41. Qc8+ Ke7 42. Qxh8 Qxg4+ 43. Kh2 d3 44. Qc8 Qe2+ 45. Kg3 Qe3+ 46. Kg2 Qe4+ 47. Kg3 Kf7 48. Qd7+ Kg8 49. a5 Qe3+ 50. Kg4 d2 51. Qd5+ Kh7 52. Qh1+ Qh6 53. Qf3 Qg5+ 54. Kh3 Kh6 55. a6 bxa6 56. Qa8 Qxf5+ 57. Kg3 d1=Q 58. Qh8+ Qh7 0-1

[Event "FIDE WCCC Open-12 2024"]
[Site "Montesilvano"]
[Date "2024.11.18"]
[Round "3.24"]
[White "Konstantinides, Savvas"]
[Black "Kuandykuly, Danis"]
[Result "1/2-1/2"]
[ECO "B33"]
[WhiteElo "1839"]
[BlackElo "2199"]
[PlyCount "112"]
[EventDate "2024.11.18"]
[EventType "swiss"]
[EventCountry "ITA"]
[TimeControl "5400+30"]

1. e4 c5 2. Nf3 Nc6 3. d4 cxd4 4. Nxd4 Nf6 5. Nc3 e5 6. Ndb5 d6 7. Bg5 a6 8. Na3 b5 9. Nd5 Be7 10. Bxf6 Bxf6 11. c4 b4 12. Nc2 O-O 13. g3 a5 14. h4 g6 15. Bh3 Bb7 16. Kf1 Bg7 17. Kg2 f5 18. h5 Ne7 19. hxg6 hxg6 20. Nce3 Rc8 21. b3 Nxd5 22. cxd5 Rc5 23. exf5 Qf6 24. Rc1 Rc3 25. Rxc3 bxc3 26. Qc2 Bc8 27. Qxc3 gxf5 28. Rc1 Bh6 29. Qxa5 Kh8 30. Qb5 Rg8 31. Rxc8 Rxc8 32. Nxf5 Rd8 33. Qb6 Bg5 34. a4 e4 35. Qd4 Qxd4 36. Nxd4 e3 37. fxe3 Bxe3 38. Nc6 Rf8 39. Be6 Rf2+ 40. Kh3 Ra2 41. a5 Bd2 42. b4 Ra4 43. b5 Bxa5 44. Nxa5 Rxa5 45. Bd7 Ra4 46. g4 Kg7 47. Kg3 Rb4 48. Kf3 Kf6 49. Bc6 Kg5 50. Bd7 Rd4 51. Bc6 Rxg4 52. b6 Rb4 53. b7 Kf6 54. Ke3 Ke5 55. Kd3 Rb3+ 56. Kc4 Rb6 1/2-1/2

[Event "FIDE WCCC Open-12 2024"]
[Site "Montesilvano"]
[Date "2024.11.18"]
[Round "3.25"]
[White "Diachek, Andrii"]
[Black "Kozhedub, Ivan"]
[Result "1-0"]
[ECO "B34"]
[WhiteElo "2162"]
[BlackElo "1826"]
[PlyCount "127"]
[EventDate "2024.11.18"]
[EventType "swiss"]
[EventCountry "ITA"]
[TimeControl "5400+30"]

1. e4 c5 2. Nf3 g6 3. d4 cxd4 4. Nxd4 Nf6 5. Nc3 Nc6 6. Nxc6 dxc6 7. Qxd8+ Kxd8 8. Bc4 Ke8 9. e5 Nd7 10. e6 fxe6 11. Bxe6 Bg7 12. Be3 Ne5 13. Bb3 Ng4 14. Bd2 Bd4 15. Nd1 Bf5 16. f3 Ne5 17. Nc3 Nf7 18. O-O-O Rd8 19. Rhe1 Kf8 20. Ne2 Bf6 21. Bh6+ Ke8 22. Be3 b6 23. Bd4 e5 24. Bc3 Rxd1+ 25. Rxd1 Ke7 26. Ng3 Re8 27. Re1 Be6 28. Ne4 Bxb3 29. axb3 Bg7 30. Kd2 Rd8+ 31. Ke2 Rd7 32. b4 Nd8 33. Nf2 Ne6 34. Kf1 Nd4 35. Bxd4 Rxd4 36. Nd3 Kd8 37. Kf2 Bf6 38. Ra1 Rd7 39. Ke3 Kc8 40. c3 Kb7 41. Ke4 Rd5 42. g3 Bg7 43. Rd1 Kc7 44. Ra1 Kb7 45. h4 h6 46. h5 g5 47. Rd1 Kc7 48. Nf2 Rb5 49. Rd2 a5 50. bxa5 Rxa5 51. Ng4 Ra1 52. Kf5 Rg1 53. Kg6 Bf8 54. Nxe5 Bd6 55. Nf7 Bxg3 56. Nxh6 Bd6 57. Ng4 Rg3 58. Rd3 c5 59. c4 Bf4 60. h6 Bc1 61. Rb3 Rg2 62. h7 Rxb2 63. Rxb2 Bxb2 64. Nf6 1-0

[Event "FIDE WCCC Open-12 2024"]
[Site "Montesilvano"]
[Date "2024.11.18"]
[Round "3.26"]
[White "Le, Anh Tu"]
[Black "Guo, Ethan"]
[Result "1-0"]
[ECO "B94"]
[WhiteElo "1812"]
[BlackElo "2157"]
[PlyCount "113"]
[EventDate "2024.11.18"]
[EventType "swiss"]
[EventCountry "ITA"]
[TimeControl "5400+30"]

1. e4 c5 2. Nf3 d6 3. d4 cxd4 4. Nxd4 Nf6 5. Nc3 a6 6. Bg5 Nbd7 7. Bc4 Qb6 8. O-O Qb5 9. b4 Qxb4 10. Nd5 Qb2 11. Rb1 Nxd5 12. Bxd5 Qc3 13. Re1 Nc5 14. Nc6 e6 15. Rb3 Na4 16. Rxc3 h6 17. Qd3 Nxc3 18. Qd4 Nxd5 19. exd5 bxc6 20. Qb6 hxg5 21. Qxc6+ Bd7 22. Qxa8+ Ke7 23. dxe6 fxe6 24. Qxa6 Rh4 25. Qd3 Ra4 26. Qb3 Ra5 27. a4 g6 28. Qd3 Kf7 29. Qc3 Rxa4 30. Qc7 Ke7 31. Rb1 Bg7 32. g3 Ra8 33. Rb7 Rd8 34. c4 Bd4 35. Kg2 e5 36. Qc6 Bc5 37. Rc7 Bd4 38. Qd5 Rf8 39. f3 Rb8 40. Qc6 Rd8 41. Kf1 Ke6 42. Qd5+ Ke7 43. Ke2 Bb6 44. Rb7 Bc5 45. Qc6 Bd4 46. Kd3 Bc5 47. Qc7 Bd4 48. f4 gxf4 49. gxf4 Ke8 50. Ke4 Bf5+ 51. Kd5 Rd7 52. Qc6 Bh3 53. Qc8+ Ke7 54. Rxd7+ Bxd7 55. Qc7 Ke8 56. Qxd6 Bf5 57. fxe5 1-0

[Event "FIDE WCCC Open-12 2024"]
[Site "Montesilvano"]
[Date "2024.11.18"]
[Round "3.27"]
[White "Belin, Anton"]
[Black "Lee, Tsuen Jin Aiesec"]
[Result "1-0"]
[ECO "C07"]
[WhiteElo "2138"]
[BlackElo "1806"]
[PlyCount "100"]
[EventDate "2024.11.18"]
[EventType "swiss"]
[EventCountry "ITA"]
[TimeControl "5400+30"]

1. e4 e6 2. d4 d5 3. Nd2 c5 4. exd5 Qxd5 5. dxc5 Nf6 6. Ngf3 Qxc5 7. Bd3 Qc7 8. O-O Be7 9. Qe2 Nc6 10. c3 O-O 11. Ne4 h6 12. Nxf6+ Bxf6 13. Qe4 Rd8 14. Qh7+ Kf8 15. Be3 b6 16. Rad1 e5 17. Bc4 Bg4 18. Bd5 Bh5 19. Be4 Ke7 20. Rxd8 Rxd8 21. Bc1 Qb8 22. b3 Qd6 23. Re1 Na5 24. h3 g5 25. Bxg5 Bxg5 26. Nxg5 Qd2 27. Re3 Qd1+ 28. Kh2 hxg5 29. Bc2 Qd2 30. Rxe5+ Kd6 31. Re3 Qxf2 32. Rd3+ Kc7 33. Qxh5 Rxd3 34. Bxd3 Qf4+ 35. Kg1 Qe3+ 36. Kh2 Qxd3 37. Qxf7+ Qd7 38. Qh5 Qe7 39. Qg4 Nc6 40. Qc4 Kb7 41. b4 Qd6+ 42. Kh1 Ne5 43. Qe4+ Kb8 44. a4 Qf6 45. Qe2 Qh8 46. Qd2 Qf6 47. Qe2 Qf4 48. Qb5 Qc1+ 49. Kh2 Qxc3 50. a5 Qc2 1-0

[Event "FIDE WCCC Open-12 2024"]
[Site "Montesilvano"]
[Date "2024.11.18"]
[Round "3.28"]
[White "Liu, Richard Jingjie"]
[Black "Ivancic, Ivan"]
[Result "0-1"]
[ECO "B33"]
[WhiteElo "1795"]
[BlackElo "2091"]
[PlyCount "112"]
[EventDate "2024.11.18"]
[EventType "swiss"]
[EventCountry "ITA"]
[TimeControl "5400+30"]

1. e4 c5 2. Nf3 Nc6 3. d4 cxd4 4. Nxd4 Nf6 5. Nc3 e5 6. Ndb5 d6 7. Bg5 a6 8. Na3 b5 9. Nd5 Be7 10. Bxf6 Bxf6 11. c3 Ne7 12. Nc2 Nxd5 13. Qxd5 Ra7 14. Ne3 Bg5 15. Qd3 Be6 16. Be2 Qb6 17. Nf5 Bxf5 18. exf5 O-O 19. O-O Rd8 20. Qe4 Qb7 21. Qxb7 Rxb7 22. Rad1 d5 23. g4 g6 24. fxg6 hxg6 25. f3 Kg7 26. Bd3 Kf6 27. Bc2 Ke6 28. Rfe1 f5 29. Bb3 a5 30. a3 Be7 31. Rd3 Bc5+ 32. Kg2 b4 33. cxb4 axb4 34. a4 f4 35. Rc1 Bd4 36. Rc6+ Rd6 37. Rxd6+ Kxd6 38. Rd2 Rc7 39. h4 Rc1 40. Rc2 Rg1+ 41. Kh2 Rg3 42. a5 Rxf3 43. Ba4 Rf2+ 44. Rxf2 Bxf2 45. h5 gxh5 46. gxh5 e4 47. Kg2 Bd4 48. b3 f3+ 49. Kf1 e3 50. Bb5 Kc5 51. Ba6 e2+ 52. Bxe2 fxe2+ 53. Kxe2 Kb5 54. Kd3 Be5 55. h6 Kxa5 56. h7 Kb6 0-1

[Event "FIDE WCCC Open-12 2024"]
[Site "Montesilvano"]
[Date "2024.11.18"]
[Round "3.29"]
[White "Obidov, Biloliddin"]
[Black "Zhang, Sean"]
[Result "1-0"]
[ECO "E09"]
[WhiteElo "2088"]
[BlackElo "1789"]
[PlyCount "69"]
[EventDate "2024.11.18"]
[EventType "swiss"]
[EventCountry "ITA"]
[TimeControl "5400+30"]

1. d4 Nf6 2. Nf3 d5 3. c4 e6 4. g3 Be7 5. Bg2 O-O 6. O-O Nbd7 7. Qc2 c6 8. Nbd2 b6 9. e4 dxe4 10. Nxe4 Bb7 11. Ne5 Nxe5 12. dxe5 Nxe4 13. Bxe4 h6 14. Qe2 Re8 15. Qg4 Bg5 16. Rd1 Qe7 17. Bxg5 hxg5 18. Qf3 Rac8 19. Rd6 Red8 20. Rad1 f5 21. exf6 gxf6 22. Rxd8+ Rxd8 23. Rxd8+ Qxd8 24. Bxc6 Bxc6 25. Qxc6 Qe7 26. a3 Kf7 27. b4 g4 28. c5 bxc5 29. bxc5 Kg6 30. Qd6 Qxd6 31. cxd6 Kf7 32. f3 gxf3 33. h4 e5 34. h5 e4 35. Kf2 1-0

[Event "FIDE WCCC Open-12 2024"]
[Site "Montesilvano"]
[Date "2024.11.18"]
[Round "3.30"]
[White "Simiyu Jadon"]
[Black "Birmenko, Nikolay"]
[Result "0-1"]
[ECO "B33"]
[WhiteElo "1784"]
[BlackElo "2084"]
[PlyCount "66"]
[EventDate "2024.11.18"]
[EventType "swiss"]
[EventCountry "ITA"]
[TimeControl "5400+30"]

1. e4 c5 2. Nf3 Nc6 3. d4 cxd4 4. Nxd4 Nf6 5. Nc3 e5 6. Ndb5 d6 7. Bg5 a6 8. Na3 b5 9. Nd5 Be7 10. Bxf6 Bxf6 11. c3 Rb8 12. Nc2 Bg5 13. Be2 O-O 14. O-O Kh8 15. Ncb4 Nxb4 16. Nxb4 Bb7 17. Qd3 a5 18. Nc2 d5 19. Rfd1 dxe4 20. Qxb5 Qc7 21. Qc4 Qb6 22. b4 Qg6 23. Qb3 f5 24. Rab1 a4 25. Qxa4 f4 26. Bc4 e3 27. fxe3 f3 28. Bd3 Qh6 29. Qa7 Qc6 30. e4 Bd8 31. Qa3 Bb6+ 32. Kh1 fxg2+ 33. Kxg2 Qg6+ 0-1

[Event "FIDE WCCC Open-12 2024"]
[Site "Montesilvano"]
[Date "2024.11.18"]
[Round "3.31"]
[White "Nicot, Valentin"]
[Black "Pham, Le Thao Nguyen"]
[Result "1/2-1/2"]
[ECO "A29"]
[WhiteElo "2078"]
[BlackElo "2384"]
[PlyCount "79"]
[EventDate "2024.11.18"]
[EventType "swiss"]
[EventCountry "ITA"]
[TimeControl "5400+30"]

1. c4 e5 2. g3 Nf6 3. Bg2 d5 4. cxd5 Nxd5 5. Nc3 Nb6 6. Nf3 Nc6 7. O-O Be7 8. Rb1 a5 9. d3 Be6 10. Be3 Nd5 11. Nxd5 Bxd5 12. Qa4 O-O 13. Rbc1 Qb8 14. Bc5 Bd6 15. Nd2 Bxg2 16. Kxg2 Ra6 17. Ne4 f5 18. Qb3+ Kh8 19. Ng5 h6 20. Nf3 a4 21. Qc2 Ra5 22. Bxd6 cxd6 23. Qd2 Qd8 24. h4 Rd5 25. Qc2 Nd4 26. Qc4 Qa5 27. Nxd4 Rxd4 28. Qc3 Qd5+ 29. Kg1 f4 30. Qc7 f3 31. Qe7 Rf7 32. Qe8+ Kh7 33. e4 Qxa2 34. Rc8 Kg6 35. Rc7 Kf6 36. Qd8+ Kg6 37. Qe8 Kf6 38. Qd8+ Kg6 39. Qe8 Kf6 40. Qd8+ 1/2-1/2

[Event "FIDE WCCC Open-12 2024"]
[Site "Montesilvano"]
[Date "2024.11.18"]
[Round "3.32"]
[White "Batbaatar, Baatar"]
[Black "Mai, Duc Kien"]
[Result "1-0"]
[ECO "B45"]
[WhiteElo "2030"]
[BlackElo "1771"]
[PlyCount "83"]
[EventDate "2024.11.18"]
[EventType "swiss"]
[EventCountry "ITA"]
[TimeControl "5400+30"]

1. e4 c5 2. Nf3 e6 3. d4 cxd4 4. Nxd4 Nf6 5. Nc3 Nc6 6. Ndb5 Bb4 7. Bf4 Nxe4 8. Qf3 d5 9. Nc7+ Kf8 10. O-O-O Nxc3 11. bxc3 Ba3+ 12. Kb1 Bd6 13. Nxa8 Bxf4 14. Qxf4 e5 15. Qf3 Be6 16. Bc4 Qxa8 17. Bxd5 Qc8 18. Bxe6 Qxe6 19. Qd5 Qxd5 20. Rxd5 Ke7 21. Rb5 b6 22. c4 Rc8 23. c3 Ke6 24. Re1 f6 25. Kc2 Nd8 26. c5 bxc5 27. Rd1 Ke7 28. Rd5 Ne6 29. Rb7+ Rc7 30. Rxc7+ Nxc7 31. Rxc5 Kd6 32. Ra5 a6 33. Kb3 Kc6 34. Kc4 Kb6 35. Rd5 Nxd5 36. Kxd5 a5 37. h4 h5 38. a4 f5 39. f3 g6 40. c4 e4 41. fxe4 fxe4 42. c5+ 1-0

[Event "FIDE WCCC Open-12 2024"]
[Site "Montesilvano"]
[Date "2024.11.18"]
[Round "3.33"]
[White "Tatvidze, Davit"]
[Black "Yusupov, Rauf"]
[Result "1-0"]
[ECO "A36"]
[WhiteElo "2024"]
[BlackElo "1763"]
[PlyCount "46"]
[EventDate "2024.11.18"]
[EventType "swiss"]
[EventCountry "ITA"]
[TimeControl "5400+30"]

1. c4 c5 2. Nc3 Nc6 3. g3 g6 4. Bg2 Bg7 5. d3 d6 6. Qd2 Nf6 7. b3 e5 8. Bb2 O-O 9. e3 Be6 10. Nd5 Bxd5 11. cxd5 Ne7 12. e4 a5 13. Ne2 Nd7 14. O-O f5 15. f4 b6 16. fxe5 Nxe5 17. Nf4 Bh6 18. Qe2 Bxf4 19. gxf4 Nf7 20. Qe1 Nh8 21. Qc3 Kf7 22. Qg7+ Ke8 23. Qxh7 Kd7 1-0

[Event "FIDE WCCC Open-12 2024"]
[Site "Montesilvano"]
[Date "2024.11.18"]
[Round "3.34"]
[White "Wang, Zihao(Sh)"]
[Black "Vaidyanathan, Adithya"]
[Result "0-1"]
[ECO "B38"]
[WhiteElo "1838"]
[BlackElo "2018"]
[PlyCount "106"]
[EventDate "2024.11.18"]
[EventType "swiss"]
[EventCountry "ITA"]
[TimeControl "5400+30"]

1. e4 c5 2. Nf3 Nc6 3. d4 cxd4 4. Nxd4 g6 5. c4 Bg7 6. Be3 Nf6 7. Nc3 O-O 8. Be2 d6 9. O-O Bd7 10. Nc2 Qa5 11. Rc1 Rfc8 12. f3 Ne5 13. Na3 a6 14. Qb3 b5 15. cxb5 axb5 16. Naxb5 Be6 17. Nd5 Rxc1 18. Rxc1 Bxd5 19. exd5 Qxa2 20. Qxa2 Rxa2 21. Rc8+ Bf8 22. Bh6 Ned7 23. Nc3 Rxb2 24. Bb5 Rc2 25. Be3 Kg7 26. Bd4 Rd2 27. Ne2 Ne5 28. Kf2 g5 29. Bc4 Nxc4 30. Rxc4 Kg6 31. Ke3 Ra2 32. Bxf6 Kxf6 33. g4 Bg7 34. Ng3 Rxh2 35. Nh5+ Kg6 36. Rc8 Rxh5 37. gxh5+ Kxh5 38. Re8 Bf6 39. Rg8 Kh4 40. Kf2 Kh3 41. Rf8 h5 42. Rxf7 h4 43. Rh7 Bd4+ 44. Kf1 Kg3 45. Rxe7 h3 46. Rh7 h2 47. Rh5 Be3 48. Rh7 Bf4 49. Rh5 Kxf3 50. Rh3+ Bg3 51. Rh6 Bh4 52. Rf6+ Kg3 53. Rf3+ Kg4 0-1

[Event "FIDE WCCC Open-12 2024"]
[Site "Montesilvano"]
[Date "2024.11.18"]
[Round "3.35"]
[White "Elhusseiny, Eyad"]
[Black "Wang, Luis"]
[Result "1-0"]
[ECO "D79"]
[WhiteElo "2017"]
[BlackElo "1751"]
[PlyCount "65"]
[EventDate "2024.11.18"]
[EventType "swiss"]
[EventCountry "ITA"]
[TimeControl "5400+30"]

1. Nf3 Nf6 2. c4 g6 3. d4 c6 4. g3 d5 5. cxd5 cxd5 6. Bg2 Bg7 7. O-O O-O 8. Nc3 Bf5 9. Qb3 b6 10. Ne5 e6 11. h3 h5 12. Bg5 Nbd7 13. f3 Qc7 14. Bf4 g5 15. Nb5 Qb7 16. Bxg5 Nxe5 17. dxe5 Nh7 18. Bf4 Bg6 19. Rac1 Qa6 20. Nc7 Qxe2 21. Rfe1 Qd3 22. Qxd3 Bxd3 23. Nxa8 Rxa8 24. Bf1 Bf5 25. g4 hxg4 26. hxg4 Bg6 27. Rc7 Nf8 28. Rec1 Kh7 29. Bg3 d4 30. Rd1 Rd8 31. Bd3 Bxd3 32. Rxd3 Nd7 33. Rxd4 1-0

[Event "FIDE WCCC Open-12 2024"]
[Site "Montesilvano"]
[Date "2024.11.18"]
[Round "3.36"]
[White "Vorobyov, Radmir"]
[Black "Wang, William Kaiyuan"]
[Result "1-0"]
[ECO "C54"]
[WhiteElo "2017"]
[BlackElo "1715"]
[PlyCount "86"]
[EventDate "2024.11.18"]
[EventType "swiss"]
[EventCountry "ITA"]
[TimeControl "5400+30"]

1. e4 e5 2. Nf3 Nc6 3. Bc4 Nf6 4. d3 Bc5 5. O-O d6 6. c3 a6 7. h3 h6 8. Re1 g5 9. d4 Ba7 10. dxe5 Nxe5 11. Nxe5 dxe5 12. Qxd8+ Kxd8 13. Bxf7 Rf8 14. Bb3 Nh5 15. Be3 Bxe3 16. Rxe3 Ke7 17. Nd2 Be6 18. Nc4 Bxc4 19. Bxc4 Rad8 20. Rd3 Rxd3 21. Bxd3 Rd8 22. Rd1 Nf4 23. Bc2 Rxd1+ 24. Bxd1 Nd3 25. b3 b5 26. Kf1 Nc1 27. a4 bxa4 28. bxa4 Na2 29. c4 Nc3 30. Bc2 Kd6 31. Ke1 Kc5 32. Kd2 Kxc4 33. Ke3 Kb4 34. g3 Nxa4 35. Bxa4 Kxa4 36. f4 gxf4+ 37. gxf4 exf4+ 38. Kxf4 Kb4 39. e5 Kc5 40. Kf5 a5 41. e6 Kd6 42. Kf6 a4 43. e7 Kd5 1-0

[Event "FIDE WCCC Open-12 2024"]
[Site "Montesilvano"]
[Date "2024.11.18"]
[Round "3.37"]
[White "Lee, Daniel Joshua"]
[Black "Bocquenet-Drouode, Hugo"]
[Result "0-1"]
[ECO "B63"]
[WhiteElo "1765"]
[BlackElo "2002"]
[PlyCount "88"]
[EventDate "2024.11.18"]
[EventType "swiss"]
[EventCountry "ITA"]
[TimeControl "5400+30"]

1. e4 c5 2. Nf3 Nc6 3. d4 cxd4 4. Nxd4 Nf6 5. Nc3 d6 6. Bg5 e6 7. Qd2 Qb6 8. O-O-O Qxd4 9. Qxd4 Nxd4 10. Rxd4 a6 11. Be2 Bd7 12. Rhd1 Bc6 13. Bf3 Be7 14. Bh4 O-O-O 15. Bg3 e5 16. Rc4 Kb8 17. Bh4 h6 18. Nd5 Bxd5 19. exd5 g5 20. Bg3 h5 21. h4 g4 22. Be2 Nd7 23. Rd3 f5 24. f4 e4 25. Rb3 Rc8 26. Bf2 Rxc4 27. Bxc4 Ka8 28. Bd4 Rc8 29. Rc3 Bxh4 30. g3 Bxg3 31. Rxg3 Rxc4 32. c3 h4 33. Rg1 Rc8 34. Kd2 Nf8 35. Ke3 Ng6 36. Rh1 Rc7 37. b4 b5 38. a4 bxa4 39. Ra1 Ne7 40. Rxa4 Nxd5+ 41. Kf2 g3+ 42. Kg1 Kb7 43. Kh1 h3 44. Kg1 Nxc3 0-1

[Event "FIDE WCCC Open-12 2024"]
[Site "Montesilvano"]
[Date "2024.11.18"]
[Round "3.38"]
[White "Nguyen, Anh Khoi"]
[Black "Miransh Vyas"]
[Result "0-1"]
[ECO "E04"]
[WhiteElo "2520"]
[BlackElo "1705"]
[PlyCount "80"]
[EventDate "2024.11.18"]
[EventType "swiss"]
[EventCountry "ITA"]
[TimeControl "5400+30"]

1. d4 Nf6 2. c4 e6 3. g3 d5 4. Bg2 Bb4+ 5. Nd2 O-O 6. Ngf3 dxc4 7. Qc2 a5 8. Qxc4 b6 9. a3 Ba6 10. Qc2 Be7 11. Nc4 Bb7 12. O-O Be4 13. Qd1 Nbd7 14. b3 Qc8 15. Bb2 Rd8 16. Ncd2 Bb7 17. Rc1 Qb8 18. Rc2 c5 19. Qa1 a4 20. dxc5 bxc5 21. bxa4 Rxa4 22. Nc4 Be4 23. Rcc1 Qb5 24. Nfd2 Bxg2 25. Kxg2 Rda8 26. Rfd1 Nb6 27. Nxb6 Qxb6 28. Nc4 Qb5 29. Qa2 R8a6 30. Be5 h5 31. Qb2 Qc6+ 32. f3 Ra7 33. Rb1 Kh7 34. Qc2+ g6 35. Rb6 Rxc4 36. Qb2 Qa4 37. Bxf6 Bxf6 38. Qxf6 Qxd1 39. Rb8 Qxe2+ 40. Kh3 Qf1# 0-1

[Event "FIDE WCCC Open-12 2024"]
[Site "Montesilvano"]
[Date "2024.11.18"]
[Round "3.39"]
[White "Radnaev, Leo"]
[Black "Leht, Karl Samuel"]
[Result "1-0"]
[ECO "C54"]
[WhiteElo "1990"]
[BlackElo "1701"]
[PlyCount "175"]
[EventDate "2024.11.18"]
[EventType "swiss"]
[EventCountry "ITA"]
[TimeControl "5400+30"]

1. e4 e5 2. Nf3 Nc6 3. Bc4 Bc5 4. c3 Nf6 5. d3 d6 6. O-O Bg4 7. Nbd2 a5 8. Re1 O-O 9. h3 Bh5 10. Nf1 h6 11. Ng3 Bg6 12. Qe2 d5 13. Bb5 Na7 14. Ba4 b5 15. Bc2 Re8 16. Be3 Bd6 17. Rad1 c5 18. exd5 Nxd5 19. Ne4 f5 20. Nxd6 Qxd6 21. Nh4 Bh7 22. Nf3 Nc6 23. Nd2 a4 24. Ne4 fxe4 25. dxe4 Nxc3 26. bxc3 Qe6 27. Bb1 c4 28. Rd5 Rab8 29. a3 Ne7 30. Rd2 Red8 31. Red1 Nc6 32. Rd5 Qf6 33. Bc5 Qg5 34. Be3 Qf6 35. R1d2 Rxd5 36. Rxd5 Bg6 37. Rxb5 Bf7 38. Rxb8+ Nxb8 39. Bc2 Qc6 40. Qd1 Be8 41. Qd8 Qb5 42. Qb6 Qxb6 43. Bxb6 Bc6 44. Bc7 Nd7 45. Kf1 Kf7 46. Ke2 Ke6 47. Ke3 Nc5 48. g3 g5 49. f4 gxf4+ 50. gxf4 exf4+ 51. Bxf4 h5 52. Kd4 Nd3 53. Bg3 Bb5 54. Bd1 Be8 55. Be2 Nb2 56. h4 Bf7 57. Bf1 Kd7 58. Bh3+ Be6 59. Bg2 Bg4 60. e5 Ke7 61. Bd5 Bd7 62. Bf4 Be6 63. Bc6 Kf7 64. Bg5 Bg4 65. Be4 Be6 66. Bc6 Bg4 67. Ke4 Be6 68. Bf6 Bh3 69. Kf4 Ke6 70. Kg5 Bg4 71. Be8 Nd1 72. Kg6 Ne3 73. Bf7+ Kd7 74. Kg5 Be6 75. Bxh5 Nd5 76. Bg4 Nxc3 77. h5 Ne4+ 78. Kf4 Nxf6 79. Bxe6+ Kxe6 80. exf6 Kxf6 81. Ke4 c3 82. Kd3 c2 83. Kxc2 Kg5 84. Kc3 Kxh5 85. Kb4 Kg5 86. Kxa4 Kf5 87. Kb5 Ke6 88. Kc6 1-0

[Event "FIDE WCCC Open-12 2024"]
[Site "Montesilvano"]
[Date "2024.11.18"]
[Round "3.40"]
[White "Sun, Kevin"]
[Black "Isakov, Amin"]
[Result "1/2-1/2"]
[ECO "B45"]
[WhiteElo "1966"]
[BlackElo "1698"]
[PlyCount "99"]
[EventDate "2024.11.18"]
[EventType "swiss"]
[EventCountry "ITA"]
[TimeControl "5400+30"]

1. e4 c5 2. Nf3 e6 3. d4 cxd4 4. Nxd4 Nf6 5. Nc3 Nc6 6. Nxc6 bxc6 7. e5 Nd5 8. Ne4 Qc7 9. f4 Qb6 10. Bd3 Be7 11. Qe2 f5 12. exf6 Nxf6 13. Nxf6+ Bxf6 14. c3 Bh4+ 15. g3 Bf6 16. Be3 c5 17. Be4 Bb7 18. Bxb7 Qxb7 19. O-O Rc8 20. f5 O-O 21. fxe6 dxe6 22. Rad1 Qe4 23. Rfe1 Qa4 24. b3 Qa5 25. c4 Bc3 26. Rf1 e5 27. Rf3 Bd4 28. Rdf1 Rxf3 29. Qxf3 Qd8 30. Kg2 Qd7 31. h4 Qc6 32. Qxc6 Rxc6 33. Bxd4 exd4 34. Rf5 g6 35. Rd5 Rc7 36. Kf3 Kf7 37. Ke2 Ke6 38. Kd3 Rc6 39. b4 cxb4 40. Kxd4 Ra6 41. Kc5 Ra5+ 42. Kxb4 Rxd5 43. cxd5+ Kxd5 44. Kb5 Ke4 45. Ka6 Kf3 46. Kxa7 Kxg3 47. a4 Kxh4 48. a5 g5 49. a6 g4 50. Kb8 1/2-1/2

[Event "FIDE WCCC Open-12 2024"]
[Site "Montesilvano"]
[Date "2024.11.18"]
[Round "3.41"]
[White "Ilcic, Aleksa"]
[Black "El Zein, Bassam"]
[Result "1-0"]
[ECO "D07"]
[WhiteElo "1757"]
[BlackElo "1947"]
[PlyCount "118"]
[EventDate "2024.11.18"]
[EventType "swiss"]
[EventCountry "ITA"]
[TimeControl "5400+30"]

1. d4 d5 2. Nf3 Nc6 3. e3 Bg4 4. c4 e5 5. Be2 Bb4+ 6. Bd2 e4 7. Ne5 Nxe5 8. dxe5 Bxd2+ 9. Nxd2 Bxe2 10. Qxe2 Qg5 11. O-O-O Qxe5 12. cxd5 O-O-O 13. Nc4 Qe7 14. Rd4 Nf6 15. Rhd1 Qc5 16. Kb1 Rhe8 17. d6 Re6 18. dxc7 Rxd4 19. exd4 Qxc7 20. d5 Ra6 21. d6 Qd7 22. Ne5 Qa4 23. b3 Qa5 24. d7+ Nxd7 25. Nxd7 Qf5 26. Nc5 e3+ 27. Qd3 Qxd3+ 28. Nxd3 exf2 29. Rf1 Rd6 30. Kc2 Rc6+ 31. Kd2 Ra6 32. a4 Rb6 33. b4 Ra6 34. a5 Rh6 35. h3 f6 36. Rxf2 Rh4 37. Rf4 Rh5 38. Rg4 g5 39. Ke3 f5 40. Rc4+ Kd8 41. Ne5 Ke7 42. b5 Kd6 43. Nf3 g4 44. hxg4 fxg4 45. Rxg4 Rxb5 46. a6 bxa6 47. Rg7 h5 48. Rxa7 a5 49. Nd2 Kc5 50. Rxa5 Rxa5 51. Nb3+ Kd5 52. Nxa5 Ke5 53. Kf3 Kf5 54. Kg3 Kg5 55. Nb3 h4+ 56. Kh3 Kh5 57. Nd2 Kg5 58. Nf3+ Kh5 59. Nxh4 Kg5 1-0

[Event "FIDE WCCC Open-12 2024"]
[Site "Montesilvano"]
[Date "2024.11.18"]
[Round "3.42"]
[White "Gao, Heye"]
[Black "Teo, Hong Kai Javier"]
[Result "1-0"]
[ECO "C15"]
[WhiteElo "1933"]
[BlackElo "1675"]
[PlyCount "31"]
[EventDate "2024.11.18"]
[EventType "swiss"]
[EventCountry "ITA"]
[TimeControl "5400+30"]

1. e4 e6 2. d4 d5 3. Nc3 Bb4 4. Nge2 dxe4 5. a3 Bxc3+ 6. Nxc3 f5 7. Qh5+ g6 8. Qh3 Nc6 9. Bf4 Nge7 10. O-O-O Nd5 11. Bh6 Qe7 12. Bc4 Nxc3 13. Qxc3 Qf6 14. Qg3 e5 15. dxe5 Nxe5 16. Bg5 1-0

[Event "FIDE WCCC Open-12 2024"]
[Site "Montesilvano"]
[Date "2024.11.18"]
[Round "3.43"]
[White "Mikolavicius, Julius"]
[Black "Dos Santos, Leonardo Lopes"]
[Result "1-0"]
[ECO "C50"]
[WhiteElo "1746"]
[BlackElo "1930"]
[PlyCount "61"]
[EventDate "2024.11.18"]
[EventType "swiss"]
[EventCountry "ITA"]
[TimeControl "5400+30"]

1. e4 e5 2. Nf3 Nc6 3. Bc4 Bc5 4. d3 Nf6 5. Nc3 h6 6. h3 O-O 7. Be3 Bb6 8. Qd2 d6 9. g4 Nd4 10. Bxd4 Bxd4 11. Nxd4 exd4 12. Ne2 c5 13. g5 hxg5 14. Qxg5 Nh7 15. Qg3 b5 16. Bd5 Rb8 17. Rg1 Qf6 18. Nf4 Qe5 19. Nh5 Qxg3 20. Rxg3 g5 21. h4 g4 22. f3 Re8 23. fxg4 Re5 24. Kd2 Bb7 25. Bxb7 Rxb7 26. Rf1 c4 27. g5 Kf8 28. Nf6 Nxf6 29. Rxf6 d5 30. g6 Kg7 31. gxf7+ 1-0

[Event "FIDE WCCC Open-12 2024"]
[Site "Montesilvano"]
[Date "2024.11.18"]
[Round "3.44"]
[White "Park, Onyoo"]
[Black "Rueda Ahumada, Gabriel Omar"]
[Result "0-1"]
[ECO "A84"]
[WhiteElo "1710"]
[BlackElo "1928"]
[PlyCount "42"]
[EventDate "2024.11.18"]
[EventType "swiss"]
[EventCountry "ITA"]
[TimeControl "5400+30"]

1. d4 d5 2. c4 e6 3. Nf3 c6 4. e3 Bd6 5. Bd3 f5 6. O-O Nf6 7. b3 Nbd7 8. Ba3 Bxa3 9. Nxa3 Qe7 10. Nb1 O-O 11. cxd5 Nxd5 12. Nbd2 e5 13. dxe5 Nxe5 14. Nxe5 Qxe5 15. Nf3 Qf6 16. Bc4 Be6 17. Nd4 Bf7 18. Qf3 g6 19. Rfd1 Rad8 20. e4 fxe4 21. Qxe4 Nc3 0-1

[Event "FIDE WCCC Open-12 2024"]
[Site "Montesilvano"]
[Date "2024.11.18"]
[Round "3.45"]
[White "Skytte, Robert"]
[Black "Kraucenka, Justas"]
[Result "1-0"]
[ECO "C10"]
[WhiteElo "1925"]
[BlackElo "1650"]
[PlyCount "67"]
[EventDate "2024.11.18"]
[EventType "swiss"]
[EventCountry "ITA"]
[TimeControl "5400+30"]

1. e4 e6 2. d4 d5 3. Nc3 dxe4 4. Nxe4 Nd7 5. Nf3 Ngf6 6. Nxf6+ Nxf6 7. Ne5 a6 8. Bd3 Be7 9. O-O O-O 10. Re1 c5 11. dxc5 Bxc5 12. Qf3 Qe7 13. Qh3 h5 14. Bg5 Bd4 15. c3 Bxe5 16. Rxe5 g6 17. Qf3 Kg7 18. Qf4 Rd8 19. Be4 Ra7 20. h3 b5 21. Re1 Bb7 22. Bxb7 Rxb7 23. R1e3 Rd1+ 24. Kh2 Qd8 25. Rf3 Nd5 26. Rxd5 Qxd5 27. Bh6+ Kh7 28. Qf6 Kxh6 29. Qh8+ Kg5 30. h4+ Kxh4 31. Qf6+ g5 32. g3+ Kg4 33. Rf4+ gxf4 34. Qxf4# 1-0